[Event "Titled Tuesday Blitz July 4 Early 2023"]
[White "Kohler, Aran"]
[Black "LangesNasenhaar"]
[WhiteFideId "1002856"]
[WhiteElo "2267"]
[BlackElo "2472"]
[Result "1-0"]
[Round "4"]
[TimeControl "180+2"]
[Date "2023.07.04"]
[WhiteClock "0:00:33"]
[BlackClock "0:00:09"]
[Board "181"]

1. d4 g6 2. c3 Bg7 3. Bg5 d6 4. Nd2 h6 5. Bh4 Nf6 6. e3 c5 7. Ngf3 g5 8. Bg3 Nh5 9. dxc5 Nxg3 10. hxg3 dxc5 11. Ne4 Qxd1+ 12. Rxd1 b6 13. Bb5+ Bd7 14. a4 Bxb5 15. axb5 a6 16. Ra1 a5 17. Ke2 Nd7 18. Rhd1 Nf6 19. Nxf6+ Bxf6 20. Nd2 O-O 21. Nc4 Rab8 22. Rd7 Rfc8 23. e4 Kf8 24. e5 Bg7 25. f4 Ke8 26. Ra7 f6 27. e6 Rd8 28. Ra6 Rb7 29. Rd1 Rdb8 30. f5 Bf8 31. g4 Bg7 32. Kf3 Bf8 33. Ke4 Bg7 34. g3 Bf8 35. Rd7 Rxd7 36. exd7+ Kxd7 37. Nxb6+ Ke8 38. c4 Rd8 39. Nd5 e6 40. fxe6 Bd6 41. Ra7 1-0


[Site "https://www.chess.com"]

[Event "Titled Tuesday Blitz July 4 Early 2023"]
[White "Yeritsyan, Hayk"]
[Black "CarolinaLujan"]
[WhiteFideId "13307320"]
[WhiteElo "2471"]
[BlackElo "2245"]
[Result "1-0"]
[Round "4"]
[TimeControl "180+2"]
[Date "2023.07.04"]
[WhiteClock "0:00:15"]
[BlackClock "0:00:07"]
[Board "182"]

1. d3 g6 2. d4 Bg7 3. Bf4 d6 4. e3 Nf6 5. h3 b6 6. c3 Bb7 7. Nf3 O-O 8. Be2 c5 9. O-O Nbd7 10. Bh2 Qc7 11. Nbd2 Rac8 12. b4 Qb8 13. bxc5 bxc5 14. Rb1 Qa8 15. Qa4 cxd4 16. cxd4 Nb6 17. Qa3 Ne4 18. Nxe4 Bxe4 19. Rbc1 Nd5 20. Rxc8 Rxc8 21. Rc1 Rxc1+ 22. Qxc1 Qb7 23. Bg3 h6 24. Bf1 Nb6 25. Nd2 Bd5 26. Qb2 f5 27. Nf3 Bxf3 28. gxf3 Qxf3 29. Qb3+ Kh7 30. Bg2 Qe2 31. Qf7 Qc4 32. Qxe7 Nd5 33. Qxd6 Nc3 34. Qe7 Ne2+ 35. Kh2 Qc1 36. h4 Qg1+ 37. Kh3 Qd1 38. Be5 Nf4+ 39. exf4 Qg4+ 40. Kh2 Qxh4+ 41. Qxh4 1-0


[Site "https://www.chess.com"]

[Event "Titled Tuesday Blitz July 4 Early 2023"]
[White "Xavier_mompel"]
[Black "IrI_Cheetah"]
[WhiteElo "2244"]
[BlackElo "2471"]
[Result "0-1"]
[Round "4"]
[TimeControl "180+2"]
[Date "2023.07.04"]
[WhiteClock "0:00:00"]
[BlackClock "0:00:16"]
[Board "183"]

1. e4 c5 2. Nf3 d6 3. d4 cxd4 4. Nxd4 Nf6 5. Nc3 a6 6. Be3 e5 7. Nf3 Be7 8. Bc4 Be6 9. Bb3 O-O 10. O-O b5 11. Nd5 Nxd5 12. Bxd5 Bxd5 13. Qxd5 Nd7 14. Rfd1 Nf6 15. Qd3 Qc7 16. Re1 Rfc8 17. c3 d5 18. Nd2 Rd8 19. exd5 Nxd5 20. Qe2 h6 21. Nf3 Bf6 22. Rad1 e4 23. Nd4 Be5 24. h3 b4 25. cxb4 Nxb4 26. Qg4 Nd3 27. Nf5 Nxe1 28. Rxe1 Kh8 29. Qxe4 Re8 30. Qg4 Bxb2 31. Rb1 Bf6 32. g3 Rab8 33. Rxb8 Rxb8 34. Bf4 Rb1+ 35. Kh2 Qc6 36. f3 Qc2+ 0-1


[Site "https://www.chess.com"]

[Event "Titled Tuesday Blitz July 4 Early 2023"]
[White "tomobeast"]
[Black "Toncheva, Nadya"]
[BlackFideId "2924056"]
[WhiteElo "2238"]
[BlackElo "2471"]
[Result "1-0"]
[Round "4"]
[TimeControl "180+2"]
[Date "2023.07.04"]
[WhiteClock "0:00:25"]
[BlackClock "0:00:24"]
[Board "184"]

1. e4 c5 2. Nf3 Nc6 3. d4 cxd4 4. Nxd4 g6 5. c4 Bg7 6. Be3 Nf6 7. Nc3 O-O 8. Be2 d6 9. Qd2 Bd7 10. f3 Nxd4 11. Bxd4 a5 12. g4 Bc6 13. O-O-O a4 14. Kb1 Qa5 15. h4 Rfc8 16. h5 a3 17. b3 b5 18. cxb5 Bb7 19. Bc4 Qb4 20. Bxf6 Bxf6 21. Nd5 Rxc4 22. Nxb4 Rc3 23. Nd5 Bxd5 24. Qxd5 Rac8 25. Rc1 e6 26. Rxc3 Bxc3 27. Qxd6 Bb2 28. b6 1-0


[Site "https://www.chess.com"]

[Event "Titled Tuesday Blitz July 4 Early 2023"]
[White "Uzcategui Rodriguez, Alejandro"]
[Black "Tsyhanchuk, Stanislav"]
[WhiteFideId "3903400"]
[BlackFideId "13505130"]
[WhiteElo "2469"]
[BlackElo "2220"]
[Result "0-1"]
[Round "4"]
[TimeControl "180+2"]
[Date "2023.07.04"]
[WhiteClock "0:00:04"]
[BlackClock "0:00:28"]
[Board "185"]

1. d4 Nf6 2. Nf3 d5 3. Bg5 e6 4. Nbd2 Be7 5. e3 O-O 6. Bd3 c5 7. c3 Nc6 8. O-O h6 9. Bh4 Nd7 10. Bxe7 Qxe7 11. e4 cxd4 12. Nxd4 Nxd4 13. cxd4 dxe4 14. Nxe4 b6 15. Qf3 Bb7 16. Rad1 Kh8 17. Qh5 Rfd8 18. Ng3 Nf6 19. Qh4 Nd5 20. Qe4 Nf6 21. Qe2 Rxd4 22. Nf5 Qd7 23. Nxd4 Qxd4 24. Bb1 Qc5 25. Rc1 Qg5 26. f3 Nh5 27. Qd3 g6 28. Rc7 Nf4 29. Qc2 Ba6 30. Rd1 Kg7 31. Rdd7 Rf8 32. Qc3+ e5 33. Qc2 Nh3+ 34. Kh1 Qe3 35. gxh3 Qe1+ 36. Kg2 Bf1+ 37. Kg1 Bxh3# 0-1


[Site "https://www.chess.com"]

[Event "Titled Tuesday Blitz July 4 Early 2023"]
[White "UNSTOPPABLE_LEGEND"]
[Black "VoicelessFeather"]
[WhiteElo "2468"]
[BlackElo "2211"]
[Result "1-0"]
[Round "4"]
[TimeControl "180+2"]
[Date "2023.07.04"]
[WhiteClock "0:01:05"]
[BlackClock "0:00:24"]
[Board "186"]

1. Nf3 d5 2. e3 Nf6 3. c4 c6 4. d4 Bf5 5. Nc3 e6 6. Nh4 Be4 7. f3 Bg6 8. Bd2 Nbd7 9. Nxg6 hxg6 10. Qb3 Qb6 11. Bd3 Be7 12. O-O Qc7 13. g3 Nh5 14. Kg2 Bd6 15. f4 Nhf6 16. Rac1 Qd8 17. Qxb7 O-O 18. Qxc6 dxc4 19. Bxc4 Nb6 20. Bd3 Rc8 21. Qf3 Nbd5 22. a3 Qb6 23. b4 a5 24. Na4 Qa7 25. Nc5 axb4 26. axb4 Rb8 27. Ra1 Qc7 28. Na6 Qb7 29. Nxb8 Rxb8 30. b5 Bb4 31. Bxb4 Nxe3+ 32. Kg1 Nxf1 33. Qxb7 Rxb7 34. Kxf1 1-0


[Site "https://www.chess.com"]

[Event "Titled Tuesday Blitz July 4 Early 2023"]
[White "Kiseleva, Arina"]
[Black "Eynullayev, Atilla"]
[WhiteFideId "4164989"]
[BlackFideId "13413570"]
[WhiteElo "2204"]
[BlackElo "2467"]
[Result "0-1"]
[Round "4"]
[TimeControl "180+2"]
[Date "2023.07.04"]
[WhiteClock "0:00:00"]
[BlackClock "0:00:20"]
[Board "187"]

1. d4 Nf6 2. Nf3 d5 3. e3 c5 4. Bd3 Nc6 5. b3 cxd4 6. exd4 Bg4 7. Bb2 e6 8. Nbd2 Bd6 9. h3 Bh5 10. O-O O-O 11. a3 Rc8 12. Re1 Qc7 13. c4 dxc4 14. Nxc4 Nd5 15. Nce5 Nf4 16. Rc1 Rfd8 17. Nxc6 bxc6 18. Bb1 Qe7 19. Qc2 g6 20. d5 Nxh3+ 21. gxh3 Bxf3 22. Kf1 Qh4 23. Qc3 Qxh3+ 0-1


[Site "https://www.chess.com"]

[Event "Titled Tuesday Blitz July 4 Early 2023"]
[White "Fiedorek, Michal"]
[Black "Fernandez Hernandez, Gerardo"]
[WhiteFideId "1199528"]
[BlackFideId "2207400"]
[WhiteElo "2464"]
[BlackElo "2203"]
[Result "1/2-1/2"]
[Round "4"]
[TimeControl "180+2"]
[Date "2023.07.04"]
[WhiteClock "0:00:44"]
[BlackClock "0:00:18"]
[Board "188"]

1. e4 e6 2. d3 d5 3. Nd2 Nf6 4. g3 Nc6 5. Bg2 dxe4 6. dxe4 e5 7. Ngf3 Bc5 8. O-O a5 9. c3 b6 10. Re1 Ng4 11. Rf1 Ba6 12. c4 Bxc4 13. Nxc4 Qxd1 14. Rxd1 Nxf2 15. Be3 Bxe3 16. Nxe3 Nxd1 17. Rxd1 Rd8 18. Rc1 Nd4 19. Rxc7 Nxf3+ 20. Bxf3 O-O 21. Nd5 f5 22. exf5 Kh8 23. Be4 Rc8 24. Rxc8 Rxc8 25. Nxb6 Rb8 26. Nc4 a4 27. Bc2 Rb4 28. b3 axb3 29. axb3 e4 30. Kf2 Rb5 31. g4 h5 32. h3 hxg4 33. hxg4 Kh7 34. Ke3 Kh6 35. Kf4 Rb4 36. g5+ Kh5 37. Ne3 Rd4 38. Bxe4 Rb4 39. Ng2 Rxb3 40. Bf3+ Rxf3+ 41. Kxf3 Kxg5 42. Ke4 g6 43. Ne3 gxf5+ 44. Nxf5 1/2-1/2


[Site "https://www.chess.com"]

[Event "Titled Tuesday Blitz July 4 Early 2023"]
[White "Schachpanda_Youtube"]
[Black "Sanhueza, Cristian"]
[BlackFideId "116815"]
[WhiteElo "2193"]
[BlackElo "2463"]
[Result "1-0"]
[Round "4"]
[TimeControl "180+2"]
[Date "2023.07.04"]
[WhiteClock "0:00:12"]
[BlackClock "0:00:00"]
[Board "189"]

1. e4 e5 2. Nc3 Nf6 3. d4 exd4 4. Qxd4 Nc6 5. Qd3 Bb4 6. Ne2 O-O 7. Bg5 h6 8. Bh4 Re8 9. O-O-O Ne5 10. Qd4 Nc6 11. Qd3 d6 12. f4 Bg4 13. Nd5 g5 14. fxg5 Nxd5 15. exd5 Ne5 16. Qb3 Bc5 17. Kb1 hxg5 18. Bg3 a5 19. h3 a4 20. Qc3 Bh5 21. Bxe5 Rxe5 22. Ng3 Bg6 23. Bd3 Re3 24. Nf1 Rxd3 25. cxd3 a3 26. b3 Qe7 27. Nd2 Qe2 28. Ne4 Bxe4 29. dxe4 Re8 30. Rhe1 Qxg2 31. Rd2 1-0


[Site "https://www.chess.com"]

[Event "Titled Tuesday Blitz July 4 Early 2023"]
[White "Sukandar, Irine Kharisma"]
[Black "Vila Dupla, Aurelio"]
[WhiteFideId "7101937"]
[BlackFideId "2203383"]
[WhiteElo "2454"]
[BlackElo "2188"]
[Result "1-0"]
[Round "4"]
[TimeControl "180+2"]
[Date "2023.07.04"]
[WhiteClock "0:00:11"]
[BlackClock "0:00:00"]
[Board "190"]

1. d4 Nf6 2. Bf4 g6 3. Nc3 d5 4. e3 Bg7 5. h4 h5 6. Nf3 O-O 7. Ne5 c5 8. Qd2 Nc6 9. O-O-O cxd4 10. exd4 Bf5 11. f3 Nb4 12. Nd3 Bxd3 13. Bxd3 Nxd3+ 14. Qxd3 Qd7 15. Be5 Rac8 16. g4 hxg4 17. h5 Rxc3 18. Qxc3 Nxh5 19. fxg4 Qxg4 20. Rdg1 Qf5 21. Bxg7 Kxg7 22. Qe3 Qf4 23. Kd2 Qxe3+ 24. Kxe3 Nf6 25. c3 Ne4 26. Rh2 f5 27. Kf4 Kf6 28. Rh6 Rg8 29. Rh7 g5+ 30. Ke3 f4+ 31. Kf3 Rg7 32. Rgh1 Rxh7 33. Rxh7 Nd2+ 34. Kg4 Ne4 35. Rh8 Nd2 36. Rf8+ Kg7 37. Rb8 Kf6 38. Rxb7 Nc4 39. Rxa7 Ne3+ 40. Kf3 e6 41. Ra8 Nd1 42. Rb8 Ne3 43. a4 Nf5 44. a5 Nh4+ 45. Kg4 f3 46. a6 Ke7 47. Kg3 1-0


[Site "https://www.chess.com"]

[Event "Titled Tuesday Blitz July 4 Early 2023"]
[White "Wesolowska, Hanna"]
[Black "Gomez Barrera, Javiera Belen"]
[WhiteFideId "1104683"]
[BlackFideId "3418723"]
[WhiteElo "2148"]
[BlackElo "2451"]
[Result "0-1"]
[Round "4"]
[TimeControl "180+2"]
[Date "2023.07.04"]
[WhiteClock "0:01:15"]
[BlackClock "0:01:00"]
[Board "191"]

1. e4 c5 2. Nc3 Nc6 3. g3 g6 4. Bg2 Bg7 5. d3 e5 6. Be3 d6 7. Qd2 Be6 8. Nge2 Nd4 9. f4 Bh3 10. O-O Bxg2 11. Kxg2 Ne7 12. fxe5 dxe5 13. Bh6 O-O 14. Bxg7 Kxg7 15. Nxd4 cxd4 16. Ne2 f5 17. exf5 Nxf5 18. Rf3 Ne3+ 19. Rxe3 dxe3 20. Qxe3 Qd5+ 21. Kg1 Rf3 22. Nc3 Rxe3 23. Nxd5 Re2 24. Rc1 Rc8 25. Nc3 Rd2 26. Re1 Rxc2 27. Rxe5 Rc7 28. Nd5 Rf7 29. Nf4 Rxb2 30. Ra5 b6 31. Ra4 Re7 32. a3 Re1# 0-1


[Site "https://www.chess.com"]

[Event "Titled Tuesday Blitz July 4 Early 2023"]
[White "Lisjak, Zlatko"]
[Black "Manukian, Artak"]
[WhiteFideId "14502186"]
[BlackFideId "13301373"]
[WhiteElo "2130"]
[BlackElo "2447"]
[Result "0-1"]
[Round "4"]
[TimeControl "180+2"]
[Date "2023.07.04"]
[WhiteClock "0:00:00"]
[BlackClock "0:00:51"]
[Board "192"]

1. d4 d5 2. Nc3 c6 3. Bf4 Bf5 4. e3 e6 5. f3 Bd6 6. Bd3 Bxd3 7. Qxd3 Bxf4 8. exf4 Ne7 9. O-O-O O-O 10. g4 b5 11. h4 b4 12. Na4 Nd7 13. h5 Qa5 14. Qb3 Rfc8 15. Ne2 c5 16. dxc5 Nxc5 17. Nxc5 Rxc5 18. h6 Rac8 19. Nd4 Nc6 20. Nxc6 R8xc6 21. Rd2 Qc7 22. hxg7 Qxf4 23. Qd3 Rxc2+ 24. Kb1 Qh6 25. Rhd1 Rxd2 26. Qxd2 Qxd2 27. Rxd2 Kxg7 28. Rd4 a5 29. f4 Rc4 30. Rxc4 dxc4 31. Kc2 h5 0-1


[Site "https://www.chess.com"]

[Event "Titled Tuesday Blitz July 4 Early 2023"]
[White "Singgih, Diajeng Theresa"]
[Black "Dobre, Claudiu-Cristian"]
[WhiteFideId "7104391"]
[BlackFideId "1211854"]
[WhiteElo "2119"]
[BlackElo "2447"]
[Result "0-1"]
[Round "4"]
[TimeControl "180+2"]
[Date "2023.07.04"]
[WhiteClock "0:00:03"]
[BlackClock "0:00:17"]
[Board "193"]

1. e4 Nc6 2. d4 d5 3. e5 Bf5 4. c3 e6 5. Bd3 Nge7 6. Nf3 f6 7. exf6 gxf6 8. Nh4 Bxd3 9. Qxd3 Qd7 10. O-O e5 11. dxe5 fxe5 12. b4 Qg4 13. Qg3 Qxg3 14. hxg3 Bg7 15. Bb2 e4 16. a3 O-O 17. Nd2 Ne5 18. c4 Nxc4 19. Nxc4 dxc4 20. Bxg7 Kxg7 21. Rfe1 b5 22. Rxe4 Ng6 23. Nxg6 hxg6 24. a4 c6 25. axb5 cxb5 26. Ra6 Rf6 27. Re7+ Kf8 28. Rxf6+ Kxe7 29. Rxg6 a5 30. bxa5 b4 31. Rb6 b3 32. Rb4 Rc8 33. a6 c3 34. a7 c2 35. Rb8 c1=Q+ 36. Kh2 Qh6+ 37. Kg1 Rc1# 0-1


[Site "https://www.chess.com"]

[Event "Titled Tuesday Blitz July 4 Early 2023"]
[White "Goncalves, Davi Sulzbacher"]
[Black "Sailer, Mike"]
[WhiteFideId "2154510"]
[BlackFideId "2012901"]
[WhiteElo "2439"]
[BlackElo "2095"]
[Result "1-0"]
[Round "4"]
[TimeControl "180+2"]
[Date "2023.07.04"]
[WhiteClock "0:00:04"]
[BlackClock "0:00:07"]
[Board "194"]

1. Nf3 d5 2. g3 Nf6 3. Bg2 Bf5 4. O-O e6 5. d3 Be7 6. Nc3 O-O 7. Nh4 Bg4 8. h3 Bh5 9. g4 Nfd7 10. gxh5 Bxh4 11. e4 c6 12. f4 Qb6+ 13. Kh1 Na6 14. Qg4 Be7 15. f5 Nf6 16. Qe2 dxe4 17. dxe4 exf5 18. e5 Ne4 19. Nxe4 fxe4 20. Bxe4 Nc5 21. Bg2 Ne6 22. c3 Rad8 23. a4 Bg5 24. h6 g6 25. a5 Qc7 26. a6 b6 27. Bxg5 Nxg5 28. Rae1 c5 29. Qf2 Qe7 30. Qg3 Ne6 31. h4 Rd2 32. Rf6 Rfd8 33. Ref1 Rd1 34. h5 Rxf1+ 35. Rxf1 Rd2 36. hxg6 hxg6 37. Rf6 Kh7 38. Kh2 Rd7 39. Qf3 Kxh6 40. Qh3+ Kg7 41. Qf3 Ng5 42. Qf4 Nh7 43. Rc6 Rd1 44. Bh3 Rb1 45. Kg3 Rxb2 46. e6 f5 47. Rc7 Kf6 48. Rxe7 Kxe7 49. Qh4+ Nf6 50. Qh6 Kxe6 51. Qxg6 Rc2 52. Qxf5+ Kf7 53. Qxc2 Ne4+ 54. Kh4 1-0


[Site "https://www.chess.com"]

[Event "Titled Tuesday Blitz July 4 Early 2023"]
[White "Ocelak, Jakub"]
[Black "Jaivardhan Raj"]
[WhiteFideId "23707933"]
[BlackFideId "25744437"]
[WhiteElo "2438"]
[BlackElo "2093"]
[Result "1-0"]
[Round "4"]
[TimeControl "180+2"]
[Date "2023.07.04"]
[WhiteClock "0:00:41"]
[BlackClock "0:00:09"]
[Board "195"]

1. b3 b6 2. Bb2 Bb7 3. Nf3 Nf6 4. c4 g6 5. g3 Bg7 6. Bg2 d6 7. d4 Nbd7 8. O-O O-O 9. Nc3 e6 10. Re1 Ne4 11. Qd3 Nxc3 12. Bxc3 Rb8 13. e4 f5 14. exf5 exf5 15. d5 Nc5 16. Qc2 Bxc3 17. Qxc3 Ne4 18. Qd3 Qf6 19. Nd4 Nc5 20. Qd2 Rbe8 21. Nb5 Qf7 22. Nxa7 Nd7 23. Nb5 Ne5 24. f4 Ng4 25. h3 Nf6 26. Qd4 Nh5 27. Kh2 h6 28. Re6 Bc8 29. Rxe8 Rxe8 30. Bf3 Nf6 31. Nxc7 Ng4+ 32. hxg4 Qxc7 33. Qf6 fxg4 34. Qxg6+ Kf8 35. Qf6+ Kg8 36. Qg6+ Kf8 37. Bxg4 Qc5 38. Qxh6+ Kg8 39. Qg6+ Kf8 40. Rg1 Qf2+ 41. Rg2 Qf1 42. Qf6+ Kg8 43. Bxc8 1-0


[Site "https://www.chess.com"]

[Event "Titled Tuesday Blitz July 4 Early 2023"]
[White "Floresvillar Gonzalez, Luis Migu"]
[Black "Omariev, Maksim"]
[WhiteFideId "5100542"]
[BlackFideId "4193423"]
[WhiteElo "2078"]
[BlackElo "2433"]
[Result "0-1"]
[Round "4"]
[TimeControl "180+2"]
[Date "2023.07.04"]
[WhiteClock "0:00:07"]
[BlackClock "0:00:38"]
[Board "196"]

1. e4 c5 2. d4 cxd4 3. c3 dxc3 4. Nxc3 Nc6 5. Bc4 e6 6. Nf3 a6 7. O-O Nge7 8. Bg5 f6 9. Be3 Ng6 10. Qe2 Bd6 11. Rfd1 Qe7 12. Rd2 Nce5 13. Nxe5 Bxe5 14. Rad1 O-O 15. Qh5 Kh8 16. g3 f5 17. exf5 Rxf5 18. Qg4 d5 19. Bd3 Bxc3 20. bxc3 Ne5 21. Qe2 Nf3+ 22. Kg2 Rf7 23. Rb2 e5 24. Rb6 Bg4 25. Qc2 e4 26. Be2 Qd7 27. Bd4 Raf8 28. Rdb1 Nxd4 29. cxd4 Rxf2+ 30. Kg1 Rxe2 31. Rxb7 Rxc2 32. Rxd7 Bxd7 0-1


[Site "https://www.chess.com"]

[Event "Titled Tuesday Blitz July 4 Early 2023"]
[White "Guevara Sanchez, Erick Marvin"]
[Black "Herman, Daniel"]
[WhiteFideId "6700136"]
[BlackFideId "30935008"]
[WhiteElo "2061"]
[BlackElo "2432"]
[Result "0-1"]
[Round "4"]
[TimeControl "180+2"]
[Date "2023.07.04"]
[WhiteClock "0:00:19"]
[BlackClock "0:00:15"]
[Board "197"]

1. e4 Nf6 2. e5 Nd5 3. c3 d6 4. exd6 cxd6 5. Nf3 g6 6. d4 Bg7 7. Bc4 Nb6 8. Bb3 O-O 9. O-O Nc6 10. Re1 e5 11. Bg5 Qc7 12. dxe5 dxe5 13. Be3 Bf5 14. Nbd2 Rad8 15. Qc1 Nd5 16. Bc5 Rfe8 17. Nc4 Nf4 18. Re3 Nd3 19. Qf1 Nxc5 20. g3 Nxb3 21. axb3 Bh6 22. Ree1 Bd3 23. Qg2 e4 24. Nfd2 b5 25. Ne3 f5 26. Ndf1 Ne5 27. Kh1 Nf3 28. Red1 Be2 29. Rxd8 Rxd8 30. h4 Ne1 31. Qh3 Bf3+ 32. Kg1 Nd3 33. h5 Bg7 34. h6 Bf6 35. Nh2 Nxf2 36. Kxf2 Rd2+ 37. Kg1 Qc5 38. Re1 Bg5 39. Nf1 Rg2+ 40. Qxg2 Bxg2 41. Kxg2 a5 42. Rd1 Bxe3 43. Rd8+ Kf7 44. Rd7+ Kf6 45. Rxh7 Bg1 46. Kh3 Qf2 47. Nd2 Qh2# 0-1


[Site "https://www.chess.com"]

[Event "Titled Tuesday Blitz July 4 Early 2023"]
[White "Pandey Srishti"]
[Black "Goughfather"]
[WhiteFideId "35093290"]
[WhiteElo "2432"]
[BlackElo "2045"]
[Result "1-0"]
[Round "4"]
[TimeControl "180+2"]
[Date "2023.07.04"]
[WhiteClock "0:01:43"]
[BlackClock "0:00:12"]
[Board "198"]

1. e4 c6 2. Nf3 d5 3. d3 dxe4 4. dxe4 Qxd1+ 5. Kxd1 Bg4 6. Be2 f6 7. Nfd2 Bxe2+ 8. Kxe2 e5 9. a4 Na6 10. c3 Nc5 11. b4 Ne6 12. Nc4 O-O-O 13. g3 h5 14. Be3 Kb8 15. Nbd2 Nh6 16. h3 Nf7 17. Nb3 Nd6 18. Nbd2 Be7 19. Nxd6 Bxd6 20. Nc4 Bc7 21. b5 Ka8 22. Rhb1 c5 23. a5 Bb8 24. Bc1 Bc7 25. Ne3 Rd7 26. Nd5 Bd8 27. Be3 f5 28. exf5 Rxd5 29. fxe6 e4 30. a6 b6 31. Rd1 Re5 32. Rd7 Rxe6 33. Rad1 Re7 34. Rxd8+ 1-0


[Site "https://www.chess.com"]

[Event "Titled Tuesday Blitz July 4 Early 2023"]
[White "Nan M K Khine Hlyan"]
[Black "Fisabilillah, Ummi"]
[WhiteFideId "13002899"]
[BlackFideId "7104804"]
[WhiteElo "1750"]
[BlackElo "2429"]
[Result "1-0"]
[Round "4"]
[TimeControl "180+2"]
[Date "2023.07.04"]
[WhiteClock "0:00:14"]
[BlackClock "0:00:13"]
[Board "199"]

1. e4 g6 2. d4 Bg7 3. Bc4 d6 4. Nf3 Nf6 5. Nc3 Nc6 6. O-O Bg4 7. Be3 e5 8. d5 Ne7 9. Bb5+ Nd7 10. h3 Bxf3 11. Qxf3 O-O 12. Qg4 f5 13. exf5 gxf5 14. Qh4 f4 15. Bd2 Nf6 16. Rad1 Kf7 17. g4 Ng6 18. Qg5 Qc8 19. Bd3 Rg8 20. Bf5 Qd8 21. Be6+ Kf8 22. Bxg8 Kxg8 23. h4 Qf8 24. h5 Ne7 25. h6 Ng6 26. hxg7 Qxg7 27. Rde1 h6 28. Qf5 Kh8 29. g5 Nh7 30. Ne4 hxg5 31. Nxg5 Rf8 32. Qh3 Rg8 33. Qxh7+ Qxh7 34. Nxh7 Nh4+ 35. Kh1 Kxh7 36. Rg1 Rh8 37. Rg4 Nf3 38. Kg2 Nxd2 39. Rh1# 1-0


[Site "https://www.chess.com"]

[Event "Titled Tuesday Blitz July 4 Early 2023"]
[White "Weetik, Vjacheslav"]
[Black "Skiadopoulos, Nikolaos"]
[WhiteFideId "4153472"]
[BlackFideId "4200772"]
[WhiteElo "2734"]
[BlackElo "1888"]
[Result "1-0"]
[Round "4"]
[TimeControl "180+2"]
[Date "2023.07.04"]
[WhiteClock "0:01:59"]
[BlackClock "0:01:50"]
[Board "200"]

1. d4 Nf6 2. c4 c5 3. Nf3 g6 4. Nc3 Bg7 5. e4 O-O 6. d5 d6 7. h3 Na6 8. Bd3 Nc7 9. O-O Bd7 10. Re1 Nfe8 11. Bf4 a6 12. a4 Rb8 13. e5 b5 14. axb5 axb5 15. b3 bxc4 16. bxc4 dxe5 17. Nxe5 Nd6 18. Ra7 Bf5 19. Nc6 Qc8 20. Nxe7+ 1-0


[Site "https://www.chess.com"]

[Event "Titled Tuesday Blitz July 4 Early 2023"]
[White "Gaal, Zsoka"]
[Black "Burmakin, Vladimir"]
[WhiteFideId "777765"]
[BlackFideId "4105109"]
[WhiteElo "2349"]
[BlackElo "2610"]
[Result "1/2-1/2"]
[Round "4"]
[TimeControl "180+2"]
[Date "2023.07.04"]
[WhiteClock "0:00:07"]
[BlackClock "0:00:05"]
[Board "201"]

1. Nf3 d5 2. b3 c6 3. Bb2 Bf5 4. g3 e6 5. Bg2 Nf6 6. O-O Be7 7. c4 h6 8. d3 O-O 9. Nbd2 a5 10. a3 Na6 11. Rc1 Qb6 12. Rc2 Rfd8 13. Qa1 c5 14. cxd5 exd5 15. Ne5 Be6 16. e4 dxe4 17. dxe4 a4 18. Nec4 Qb5 19. bxa4 Qe8 20. a5 Nc7 21. a4 Ra6 22. Be5 Qd7 23. f4 Ng4 24. f5 Bxc4 25. Nxc4 Nxe5 26. Qxe5 Bf6 27. Qf4 Bd4+ 28. Kh1 Ne8 29. e5 Qxa4 30. Rcc1 Qb4 31. e6 fxe6 32. fxe6 Nf6 33. Qc7 Rf8 34. Qxb7 Rxe6 35. a6 Rf7 36. Qxb4 cxb4 37. Rfd1 Ba7 38. Na5 Rxa6 39. Nc6 Ra4 40. Rb1 Bc5 41. Rd8+ Rf8 42. Rxf8+ Bxf8 43. Bf1 Kh8 44. Bc4 g5 45. Bb5 Ra2 46. Nxb4 Rd2 47. Nd3 Ng4 48. Bc4 Rxd3 49. Bxd3 Nf2+ 50. Kg2 Nxd3 51. Rb7 Ne5 52. Kf2 Kg8 53. Ke3 Nf7 54. Ke4 Kg7 55. Kd5 Kg6 56. Rb6+ Kg7 57. Ke6 Nh8 58. Rb7+ Kg8 59. Kf6 Bd6 60. Ra7 Bc5 61. Ra8+ Bf8 62. Rc8 Nf7 63. Rc7 Nd6 64. Ra7 g4 65. Kg6 Ne4 66. Ra4 Nf2 67. Rf4 Nd3 68. Rxg4 Ne5+ 69. Kf5+ Nxg4 70. Kxg4 Kg7 71. Kh5 Kf6 72. h4 Kg7 73. g4 Kh7 74. g5 hxg5 75. hxg5 Kg7 76. g6 Be7 77. Kg4 Kxg6 1/2-1/2


[Site "https://www.chess.com"]

[Event "Titled Tuesday Blitz July 4 Early 2023"]
[White "Devaev, Alexander"]
[Black "Bashirli, Saadat"]
[WhiteFideId "4169395"]
[BlackFideId "13429990"]
[WhiteElo "2482"]
[BlackElo "2345"]
[Result "1-0"]
[Round "4"]
[TimeControl "180+2"]
[Date "2023.07.04"]
[WhiteClock "0:00:11"]
[BlackClock "0:00:04"]
[Board "202"]

1. d4 d5 2. c4 e6 3. Nc3 c6 4. cxd5 exd5 5. Nf3 Bf5 6. Bf4 Bd6 7. Bxd6 Qxd6 8. Qb3 Qe7 9. e3 Nf6 10. Nh4 Be4 11. Nxe4 Nxe4 12. Nf5 Qf6 13. f3 Qxf5 14. Qxb7 Nd6 15. Qxa8 O-O 16. Qxa7 Re8 17. Qa3 Qg5 18. Kd2 Nf5 19. Re1 Nxd4 20. h4 Qg3 21. Qc3 Qf2+ 22. Kc1 Nf5 23. Bd3 Nxe3 24. Rhf1 Qxh4 25. Rxe3 Qh6 26. Bxh7+ Kxh7 27. Re1 c5 28. Qc2+ g6 29. Qd2 Rd8 30. Re7 Qg7 31. Rh1+ Kg8 32. Qe2 Qf8 33. Re1 Nc6 34. Re8 Rxe8 35. Qxe8 Kg7 36. Qxf8+ Kxf8 37. a4 Nd4 38. Kd2 Nb3+ 39. Kc3 Nd4 40. Rd1 Ke7 41. Rxd4 cxd4+ 42. Kxd4 Kd6 43. b4 f5 44. f4 g5 45. fxg5 f4 46. a5 f3 47. gxf3 Ke6 48. f4 1-0


[Site "https://www.chess.com"]

[Event "Titled Tuesday Blitz July 4 Early 2023"]
[White "Shapiro, Viktor"]
[Black "SicilianPanzer"]
[WhiteFideId "4175700"]
[WhiteElo "2479"]
[BlackElo "2248"]
[Result "1-0"]
[Round "4"]
[TimeControl "180+2"]
[Date "2023.07.04"]
[WhiteClock "0:00:32"]
[BlackClock "0:00:00"]
[Board "203"]

1. c4 e6 2. Nc3 Nf6 3. d4 d5 4. Bg5 dxc4 5. e3 a6 6. a4 Nbd7 7. Bxc4 c5 8. Nf3 b6 9. Qe2 Bb7 10. O-O Be7 11. Rfd1 cxd4 12. Nxd4 h6 13. Bh4 g5 14. Bg3 Bc5 15. Nxe6 fxe6 16. Bxe6 Qe7 17. Bxd7+ Nxd7 18. Qh5+ Kf8 19. Nd5 Bxd5 20. Rxd5 Nf6 21. Rf5 Kg7 22. Qf3 Rhf8 23. Be5 Rad8 24. h4 gxh4 25. Rc1 Bd6 26. Bd4 Kg6 27. Bxb6 Rc8 28. Rd1 Be5 29. b4 Rfe8 30. Bd4 Bxd4 31. Rxd4 Qe6 32. Rdf4 Rc6 33. b5 Rd6 34. Kh2 axb5 35. axb5 Rf8 36. e4 Rb6 37. e5 Nd7 38. Rxf8 Nxf8 39. Rxf8 Qxe5+ 40. Kh3 Qe6+ 41. Kxh4 Rxb5 42. g4 Rg5 43. Qf4 h5 44. Qxg5+ 1-0


[Site "https://www.chess.com"]

[Event "Titled Tuesday Blitz July 4 Early 2023"]
[White "Saito, Vinicius"]
[Black "Putri, Regita Desyari"]
[WhiteFideId "2113384"]
[BlackFideId "7109083"]
[WhiteElo "2399"]
[BlackElo "2247"]
[Result "1-0"]
[Round "4"]
[TimeControl "180+2"]
[Date "2023.07.04"]
[WhiteClock "0:00:41"]
[BlackClock "0:00:00"]
[Board "204"]

1. e4 e5 2. Nf3 Nc6 3. Bb5 a6 4. Ba4 Nf6 5. O-O Be7 6. Re1 b5 7. Bb3 O-O 8. d4 exd4 9. e5 Ne8 10. c3 d5 11. cxd4 Bg4 12. Be3 Na5 13. Bc2 g6 14. h3 Be6 15. b3 Ng7 16. Qd2 Nc6 17. Nc3 Nf5 18. Bxf5 Bxf5 19. Bg5 b4 20. Na4 Be4 21. Bxe7 Qxe7 22. Ng5 Bf5 23. Rac1 Bd7 24. Nc5 Be8 25. Qf4 h6 26. Nf3 Kh7 27. h4 Kg7 28. Qg3 Kh7 29. h5 g5 30. Rcd1 Nd8 31. Nh2 Ne6 32. Nxe6 Qxe6 33. Ng4 Qf5 34. Nf6+ Kg7 35. Rc1 Rc8 36. Rc5 c6 37. Rec1 Qe6 38. Qe3 Bd7 39. g4 1-0


[Site "https://www.chess.com"]